 Dungeon Crawl Stone Soup version 0.17-a0-227-gf5308cc (webtiles) character file.

543 Ngotmuk the Envoy of Void (level 7, 0/55 HPs)
             Began as a Demonspawn Abyssal Knight on Mar 30, 2015.
             Was a High Priest of Lugonu.
             Slain by Pikaro's ghost (7 damage)
             ... on level 4 of the Dungeon.
             The game lasted 00:11:23 (4838 turns).

Ngotmuk the Envoy of Void (DsAK)                    Turns: 4838, Time: 00:11:23

Health: 0/55       AC:  6    Str: 16    XL:     7   Next: 6%
Magic:  13/13      EV: 13    Int: 13    God:    Lugonu [*****.]
Gold:   151        SH:  0    Dex: 13    Spells: 0 memorised, 6 levels left

rFire  . . .     SeeInvis .     a - +1 falchion
rCold  . . .     Clarity  .     r - +1 robe of the Armadillo {Str+2 Stlth+} (curse)
rNeg   . . .     SustAb   .     (no shield)
rPois  .         Gourm    .     p - +0 helmet
rElec  .         Spirit   .     w - +0 cloak
rCorr  .         Warding  .     d - +0 pair of gloves
rMut   .         Stasis   .     (no boots)
MR     .....                    (no amulet)
Stlth  ++++......               (no ring)
                                (no ring)

@: not resistant to hostile enchantments, stealthy
A: hooves 1, blink 1, demonic guardian 1, nightstalker 2
a: Blink, Depart the Abyss, Bend Space, Banish, Corrupt, Enter the Abyss,
Renounce Religion


You were on level 4 of the Dungeon.
You worshipped Lugonu.
Lugonu was extremely pleased with you.
You were not hungry.

You visited 1 branch of the dungeon, and saw 4 of its levels.
You visited the Abyss 1 time.

You collected 151 gold pieces.

Inventory:

Hand weapons
 a - a +1 falchion (weapon)
Armour
 d - a +0 pair of gloves (worn)
 o - a +2 leather armour of cold resistance
 p - a +0 helmet (worn)
 r - the cursed +1 robe of the Armadillo (worn) {Str+2 Stlth+}
   (You found it on level 4 of the Dungeon)

   It affects your strength (+2).
   It makes you more stealthy.
   It has a curse placed upon it.
 w - a +0 cloak (worn)
Scrolls
 e - 2 scrolls of teleportation {unknown}
 f - 6 scrolls of identify {unknown}
 g - 2 scrolls of noise {unknown}
 h - 2 scrolls of enchant weapon {unknown}
 l - 4 scrolls of remove curse {unknown}
 q - a scroll of random uselessness {unknown}
 t - a scroll of fear {unknown}
 u - a scroll of immolation {unknown}
Potions
 i - a potion of magic {unknown}
 j - a potion of poison {unknown}
 k - a potion of heal wounds {unknown}
 m - a potion of restore abilities {unknown}
 n - 2 potions of agility {unknown}
 s - 2 potions of curing {unknown}
 v - 2 potions of cancellation {unknown}
Comestibles
 b - a meat ration


   Skills:
 + Level 4.5 Fighting
 + Level 2.2 Long Blades
 + Level 4.0 Armour
 + Level 3.1 Dodging
 + Level 5.1 Invocations


You had 6 spell levels left.
You didn't know any spells.

Dungeon Overview and Level Annotations

Branches:
Dungeon (4/15)
 Temple: D:4-7

Altars:
Elyvilon
Sif Muna
Trog
Yredelemnul

Annotations:
D:4 Pikaro's ghost, average CeHu


Innate Abilities, Weirdness & Mutations

A weak demonic guardian rushes to your aid.
You are significantly more attuned to the shadows.
You have large cloven feet.
You can translocate small distances at will.


Message History

Pikaro's ghost barely misses you. Pikaro's ghost hits you!
You hit Pikaro's ghost.
Pikaro's ghost is almost destroyed.
Pikaro's ghost hits you!
* * * LOW HITPOINT WARNING * * *
Your white imp gestures at Pikaro's ghost.
The puff of frost misses Pikaro's ghost.
The puff of frost hits you!
* * * LOW HITPOINT WARNING * * *
Pikaro's ghost hits you.
* * * LOW HITPOINT WARNING * * *
You hit Pikaro's ghost.
Pikaro's ghost is almost destroyed.
Your white imp misses Pikaro's ghost.
Pikaro's ghost barely misses you.
Your white imp closely misses Pikaro's ghost.
Pikaro's ghost hits you but does no damage.
There is an escape hatch in the floor here.
Pikaro's ghost hits you!
You die...

#......####...........#
#......# ##...........#
#......# #............##
#......###.##.##.......#
#......5................
#......###5##.########..
#).....#.......#####....
#.......W......##.......
#######@.......##.#...##
#.............####
##.........######.
######
##)...............
#....#
######....###..........
#....###........##
#..........
#....##..###.....#
#.......... #....##.##
#.....# #..........
#.......# #.....#
#..........


You could see Pikaro's ghost and a friendly white imp.

Vanquished Creatures
  The ghost of Creepadon the Chopper, an average DDBe of Trog (D:3)
  A sky beast (D:3)
  A giant frog (D:4)
  2 hounds
  Robin (D:3)
  3 adders
  3 worms
  2 giant geckos
  An ooze (D:1)
  4 orcs (D:3)
  A ball python (D:4)
  6 giant cockroaches
  14 hobgoblins
  6 jackals
  9 bats
  A giant gecko skeleton (D:4)
  6 giant newts
  20 goblins
  6 kobolds
  3 quokkas
  12 rats
103 creatures vanquished.

Vanquished Creatures (collateral kills)
  An ogre (D:4)
  Duvessa (D:4)
  Dowan (D:4)
  3 orcs (D:4)
6 creatures vanquished.

Vanquished Creatures (others)
  3 crimson imps
  5 iron imps
  4 quasits
  5 white imps
  3 ufetubi
20 creatures vanquished.

Grand Total: 129 creatures vanquished

Notes
Turn   | Place    | Note
--------------------------------------------------------------
     0 | Abyss:1  | Ngotmuk, the Demonspawn Abyssal Knight, began the quest for the Orb.
     0 | Abyss:1  | Reached XP level 1. HP: 18/18 MP: 1/1
    15 | D:1      | Escaped the Abyss
   200 | D:1      | Gained mutation: A weak demonic guardian rushes to your aid. [demonic ancestry]
   200 | D:1      | Reached XP level 2. HP: 18/24 MP: 2/2
   201 | D:1      | Reached skill level 1 in Dodging
   318 | D:1      | Acquired Lugonu's second power
   576 | D:1      | Reached XP level 3. HP: 22/29 MP: 4/4
   874 | D:2      | Found a white marble altar of Elyvilon.
   890 | D:2      | Found a bloodstained altar of Trog.
   959 | D:2      | Found a deep blue altar of Sif Muna.
  1190 | D:2      | Acquired Lugonu's third power
  1565 | D:3      | Reached XP level 4. HP: 7/35 MP: 6/6
  1609 | D:3      | Noticed Creepadon's ghost (average DDBe)
  1895 | D:3      | Noticed a sky beast
  2002 | D:3      | Killed Creepadon's ghost
  2002 | D:3      | Gained mutation: You are slightly more attuned to the shadows. [demonic ancestry]
  2002 | D:3      | Reached XP level 5. HP: 12/42 MP: 6/8
  2241 | D:3      | Killed a sky beast
  2241 | D:3      | Reached skill level 4 in Fighting
  2245 | D:3      | Gained mutation: You have large cloven feet. [mutagenic meat]
  2246 | D:3      | Gained mutation: You can translocate small distances at will. [mutagenic meat]
  2260 | D:3      | Found a basalt altar of Yredelemnul.
  2446 | D:3      | Acquired Lugonu's fourth power
  2682 | D:3      | Noticed Robin
  2692 | D:3      | Reached XP level 6. HP: 42/48 MP: 11/11
  2714 | D:3      | Killed Robin
  3051 | D:4      | Noticed Pikaro's ghost (average CeHu)
  3523 | D:4      | Got a distressingly furry robe
  3537 | D:4      | Identified the cursed +1 robe of the Armadillo {Str+2 Stlth+} (You found it on level 4 of the Dungeon)
  3837 | D:4      | Acquired Lugonu's fifth power
  3882 | D:4      | Noticed Dowan
  3883 | D:4      | Noticed Duvessa
  3903 | D:4      | Reached skill level 5 in Invocations
  4020 | D:4      | Killed Dowan
  4697 | D:4      | Killed Duvessa
  4697 | D:4      | Gained mutation: You are significantly more attuned to the shadows. [demonic ancestry]
  4697 | D:4      | Reached XP level 7. HP: 47/55 MP: 13/13
  4838 | D:4      | Slain by Pikaro's ghost

Action                   |  1- 3 |  4- 6 |  7- 9 || total
-------------------------+-------+-------+-------++-------
Melee: Falchion          |   163 |   216 |    27 ||   406
 Stab: Distracted        |       |     1 |       ||     1
       Sleeping          |       |     4 |     1 ||     5
  Eat: Meat ration       |     1 |       |       ||     1
       Pizza             |     1 |       |       ||     1
       Chunk             |       |     2 |       ||     2
       Bread ration      |       |     1 |     1 ||     2
       Beef jerky        |       |     1 |       ||     1
